 Dungeon Crawl Stone Soup version 0.29-a0-96-g93358da72b (webtiles) character file.

Game seed: 9029965303594836492

23 Grim the Shooter (level 2, 0/16 HPs)
             Began as a Deep Elf Arcane Marksman on Feb 13, 2022.
             Slain by a jackal (1 damage)
             ... on level 1 of the Dungeon.
             The game lasted 00:02:10 (808 turns).

Grim the Shooter (Deep Elf Arcane Marksman)          Turns: 808, Time: 00:02:11

Health: 0/16       AC:  2    Str:  7    XL:     2   Next: 75%
Magic:  5/6        EV: 12    Int: 17    God:
Gold:   36         SH:  0    Dex: 15    Spells: 3/4 levels left

rFire   . . .      SeeInvis .   (no weapon)
rCold   . . .      Faith    .   (no shield)
rNeg    . . .      Spirit   .   d - +0 robe
rPois   .          Reflect  .   (no helmet)
rElec   .          Harm     .   (no cloak)
rCorr   .          Rampage  .   (no gloves)
Will    .....                   (no boots)
Stlth   +.........              (no amulet)
HPRegen 0.05/turn               (no ring)
MPRegen 0.10/turn               (no ring)

@: no status effects
A: no striking features
a: no special abilities


You were on level 1 of the Dungeon.
You visited 1 branch of the dungeon, and saw 1 of its levels.

You collected 36 gold pieces.

Inventory:

Hand Weapons
 a - a +0 shortbow
Missiles
 f - 5 atropa-tipped darts
Armour
 d - a +0 robe (worn)
Scrolls
 b - a scroll of immolation {unknown}
 e - a scroll of enchant armour {unknown}


   Skills:
 - Level 0.7 Fighting
 + Level 4.5 Bows
 - Level 2.4 Dodging
 - Level 1.5 Spellcasting
 - Level 4.0 Hexes


You had 3 spell levels left.
You knew the following spells:

 Your Spells              Type           Power      Damage    Failure   Level
a - Slow                  Hex            56%        N/A       4%          1

Your spell library contained the following spells:

 Spells                   Type           Power      Damage    Failure   Level
 Inner Flame              Hex/Fire       8%         N/A       26%         3
 Portal Projectile        Hex/Tloc       16%        N/A       26%         3
 Frozen Ramparts          Ice            2%         1d2       52%         3
 Cause Fear               Hex            7%         N/A       36%         4
 Ice Form                 Ice/Tmut       1%         N/A       90%         4
 Summon Ice Beast         Ice/Summ       1%         N/A       90%         4


Dungeon Overview and Level Annotations

Branches:
Dungeon (1/15)

Altars:


Message History

The jackal closely misses you.
Fire: 2 arrows
Press: ? - help, Q - select action, (/) - cycle Shift-Dir - straight line, f/p - jackal
Aim: a jackal (lightly wounded, 53% to hit)
You shoot an arrow. The arrow closely misses the jackal. x2
The jackal misses you. The jackal closely misses you.
Unknown command.
Fire: arrow
Press: ? - help, Q - select action, (/) - cycle Shift-Dir - straight line, f/p - jackal
Aim: a jackal (lightly wounded, 53% to hit)
You shoot an arrow. The arrow hits the jackal.
You kill the jackal!
Unknown command.
Unknown command.
You are now empty-handed.
The jackal barely misses you.
You barely miss the jackal.
The jackal is severely wounded.
The jackal bites you.
* * * LOW HITPOINT WARNING * * *
You closely miss the jackal.
The jackal is severely wounded.
The jackal bites you but does no damage.
The jackal misses you.
You hit the jackal but do no damage.
The jackal is severely wounded.
The jackal closely misses you.
You barely miss the jackal.
The jackal is severely wounded.
The jackal barely misses you.
Casting: Slow (safe; 4% risk of failure)
Confirm with . or Enter, or press ? or * to list all spells.
Aiming: Slow (safe; 4% risk of failure)
Press: ? - help, Shift-Dir - straight line, f - jackal
Aim: a jackal (severely wounded, chance to affect: 71%)
The jackal seems to slow down.
The jackal bites you.
* * * LOW HITPOINT WARNING * * *
You miss the jackal.
The jackal is severely wounded.
The jackal bites you.
You die...

...# #.# ...###'#### ##........#
##........################
..........+hh...........>#
..........##############.#
..........# #.#
..........##############.########
##........#(..(h@................
#........#.###########.########.
#........#.####### #...# #.
#........#.......# ###.# #.
#........#.......# #.# #.
#........#.......# #.# #.
#####'####.......# #.# #. #.#
##......# #.# #. #.# #......# #.#
#.


You could see a jackal (slow).

Vanquished Creatures
  A bat (D:1)
  3 endoplasms (D:1)
  2 goblins (D:1)
  A hobgoblin (D:1)
  7 jackals (D:1)
  A quokka (D:1)
  2 ball pythons (D:1)
  A rat (D:1)
18 creatures vanquished.

Notes
Turn   | Place    | Note
-------+----------+-------------------------------------------
     0 | D:1      | Grim the Deep Elf Arcane Marksman began the quest for the
                  | Orb.
     0 | D:1      | Reached XP level 1. HP: 11/11 MP: 5/5
    20 | D:1      | Found a faded altar of an unknown god.
   109 | D:1      | Reached XP level 2. HP: 16/16 MP: 4/6
   808 | D:1      | Slain by a jackal

Illustrated notes

Levels and vault maps discovered:
D:1:      lightli_arrival_boilingwater, layout_basic,
          hellmonk_ecumenical_altar_slurped_away, serial_shops,
          nicolae_shop_statue_plus, chequers_mini_garden

Skill      XL: |  1  2 |
---------------+-------+-----
Bows           | 3 4 |  4.5
Fighting       | |  0.7
Dodging        | |  2.4
Spellcasting   | |  1.5
Hexes          | |  4.0

Action                   || total
-------------------------++-------
Melee: Unarmed           ||     5
 Fire: Shortbow          ||    70
 Cast: Slow              ||     5
Armor: Robe              ||    14
Dodge: Dodged            ||    57

Table legend: (Time is in decaauts)
 A = Elapsed time spent in this place.
 B = Non-inter-level travel time spent in this place.
 C = Inter-level travel time spent in this place.
 D = Time resting spent in this place.
 E = Time spent auto-exploring this place.
 F = Levels seen in this place.
 G = Mean time per level.
                   A        B        C        D        E       F      G
               +--------+--------+--------+--------+--------+-----+--------+
         Total |    815 |    815 |      0 |    165 |    397 |   1 |  815.0 |
       Dungeon |    815 |    815 |      0 |    165 |    397 |   1 |  815.0 |
               +--------+--------+--------+--------+--------+-----+--------+

Top non-repeatable levels by time:
     D:1: 815 daAuts
